 Dungeon Crawl Stone Soup version 0.29-a0-219-g0a02b1cf4f (webtiles) character file.

Game seed: 10562352482411095549

25 horus123 the Magician (level 2, 0/15 HPs)
             Began as a Deep Elf Conjurer on Feb 25, 2022.
             Succumbed to Terence's poison
             ... on level 1 of the Dungeon.
             The game lasted 00:01:27 (1009 turns).

horus123 the Magician (Deep Elf Conjurer)           Turns: 1009, Time: 00:01:28

Health: 0/15       AC:  3    Str:  4    XL:     2   Next: 86%
Magic:  9/9        EV: 12    Int: 22    God:
Gold:   66         SH:  0    Dex: 13    Spells: 7/10 levels left

rFire   . . .      SeeInvis .   c - +0 dagger
rCold   . . .      Faith    .   (no shield)
rNeg    . . .      Spirit   .   a - +0 robe
rPois   .          Reflect  .   (no helmet)
rElec   .          Harm     .   (no cloak)
rCorr   .          Rampage  .   b - +0 pair of gloves
Will    .....                   (no boots)
Stlth   ++........              (no amulet)
HPRegen 0.05/turn               (no ring)
MPRegen 0.11/turn               (no ring)

@: lethally poisoned (0 -> -1)
A: no striking features
a: no special abilities


You were on level 1 of the Dungeon.
You visited 1 branch of the dungeon, and saw 2 of its levels.

You collected 66 gold pieces.

Inventory:

Hand Weapons
 c - a +0 dagger (weapon)
Armour
 a - a +0 robe (worn)
 b - a +0 pair of gloves (worn)
Jewellery
 e - a +6 ring of intelligence
Scrolls
 d - a scroll of noise {unknown}
 f - a scroll of holy word {unknown}
 g - a scroll of brand weapon {unknown}


   Skills:
 - Level 2.4 Dodging
 - Level 2.4 Stealth
 + Level 4.8 Spellcasting
 - Level 4.3 Conjurations


You had 7 spell levels left.
You knew the following spells:

 Your Spells              Type           Power      Damage    Failure   Level
a - Magic Dart            Conj           96%        1d7       1%          1
b - Searing Ray           Conj           48%        2d6       2%          2

Your spell library contained the following spells:

 Spells                   Type           Power      Damage    Failure   Level
 Dazzling Flash           Conj/Hex       28%        N/A       13%         3
 Fulminant Prism          Conj/Hex       7%         3d7       38%         4
 Iskenderun's Mystic Bla  Conj/Tloc      14%        2d5       38%         4


Dungeon Overview and Level Annotations

Branches:
Dungeon (2/15)

Altars:

Annotations:
D:1 Terence


Message History

You see here a +0 dagger.
There is an open door here.
You see here a +0 robe.
Done exploring.
Done exploring.
(D) Dungeon
Where to? (? - help)
What level of the Dungeon? (default 1, ? - help)
There is a stone staircase leading down here.
You climb downwards.
Found a stone staircase leading down.
There is a stone staircase leading up here.
There are monsters nearby!
The hobgoblin shouts!
Terence screams, "I want your blood!"
Terence hits you with a +2 short sword of venom.
You are lethally poisoned!
You climb upwards.
You feel very sick.
There is a stone staircase leading down here.
It was a potion of heal wounds.
You feel much better.
You feel sick. Terence closely misses you.
It was a potion of curing.
You feel better.
Terence hits you with a +2 short sword of venom.
You are lethally poisoned!
You feel very sick.
You feel sick.
You feel sick.
* * * LOW HITPOINT WARNING * * *
You feel sick.
Terence asks, "Do you want it fast or slow?"
* * * LOW HITPOINT WARNING * * *
You feel sick.
* * * LOW HITPOINT WARNING * * *
You feel sick.
Things that are here:
a stone; a +0 dagger; a kobold skeleton
* * * LOW HITPOINT WARNING * * *
You feel sick.
You die...

..# #...# #.#
..# #.#.## #.#
..######.#..#
#.#
.........##.##
#.#
###########..#
#.# ....#
##.###.# ###.#
#..##.# #.#
##.##.# ###.#
#.##@# ..#.#
#.##.# #.#.#
#..#@# #.#.#
##.#.# #.#.#
#.#.# #.#.####
#...# #.#....#
##..# #.####.#
#..# #.# #.#
##>#


You could see Terence.

Vanquished Creatures
  2 dart slugs (D:1)
  2 ball pythons (D:1)
  6 endoplasms (D:1)
  A giant cockroach (D:1)
  2 hobgoblins (D:1)
  A kobold (D:1)
  A bat (D:1)
  3 frilled lizards (D:1)
  2 rats (D:1)
20 creatures vanquished.

Notes
Turn   | Place    | Note
-------+----------+-------------------------------------------
     0 | D:1      | horus123 the Deep Elf Conjurer began the quest for the Orb.
     0 | D:1      | Reached XP level 1. HP: 10/10 MP: 6/6
   222 | D:1      | Reached XP level 2. HP: 15/15 MP: 3/9
   276 | D:1      | Learned a level 2 spell: Searing Ray
   426 | D:1      | Found a faded altar of an unknown god.
   997 | D:2      | Noticed Terence
  1009 | D:1      | Succumbed to Terence's poison

Illustrated notes

Levels and vault maps discovered:
D:1:      dpeg_arrival_concentric_ovals, layout_basic,
          dreamdust_ecumenical_altar_grove
D:2:      kennysheep_the_goblin_king, layout_rooms, minmay_box_of_dots,
          uniq_terence, uniq_crazy_yiuf_cottage

Skill      XL: |  1 |
---------------+----+-----
Spellcasting   | 4 |  4.8
Dodging        | |  2.4
Stealth        | |  2.4
Conjurations   | |  4.3

Action                   || total
-------------------------++-------
 Cast: Magic Dart        ||    37
  Use: Scroll            ||     1
       Potion            ||     2
Armor: Robe              ||     1
Dodge: Dodged            ||     2

Table legend: (Time is in decaauts)
 A = Elapsed time spent in this place.
 B = Non-inter-level travel time spent in this place.
 C = Inter-level travel time spent in this place.
 D = Time resting spent in this place.
 E = Time spent auto-exploring this place.
 F = Levels seen in this place.
 G = Mean time per level.
                   A        B        C        D        E       F      G
               +--------+--------+--------+--------+--------+-----+--------+
         Total |   1009 |    959 |     50 |     51 |    796 |   2 |  504.5 |
       Dungeon |   1009 |    959 |     50 |     51 |    796 |   2 |  504.5 |
               +--------+--------+--------+--------+--------+-----+--------+

Top non-repeatable levels by time:
     D:1: 1007 daAuts
     D:2: 1 daAuts
